PUBA
KENTUCKY ROCKETS @ GLENAVON PIPERS
05/18/1972
 
TOP OF THE 1ST
Kentucky Rockets batting - Pitching for Glenavon Pipers : RHP Carroll Ward
Pitching: RHP Carroll Ward
Batting: SHB Jesús Ruíz 0-0: Swinging Strike
0-1: Ball
1-1: Foul Ball, location: 2F
1-2: Strikes out swinging, 2-3 out at first.
Batting: RHB Terry Martin 0-0: Called Strike
0-1: Called Strike
0-2: Ball
1-2: Strikes out swinging
Batting: SHB Dusty Baker 0-0: Swinging Strike
0-1: Foul Ball, location: 9LMF
0-2: Ball
1-2: Ball
2-2: Ground out 4-3 (Groundball, 4, EV 76.9 MPH)
Top of the 1st over - 0 runs, 0 hits, 0 errors, 0 left on base; Kentucky 0 - Glenavon 0
BOTTOM OF THE 1ST
Glenavon Pipers batting - Pitching for Kentucky Rockets : RHP Jack Clark
Pitching: RHP Jack Clark
Batting: LHB Ken Hill 0-0: Ball
1-0: Fly out, F8 (Flyball, 8RM, EV 90.6 MPH)
Batting: RHB Barton Rogers 0-0: Foul Ball, location: 2F
0-1: Called Strike
0-2: Strikes out swinging passed ball, reaches first!
Batting: LHB Manny García 0-0: Ball
Wild Pitch!
Barton Rogers to second
1-0: Foul Ball, location: 2F
1-1: Foul Ball, location: 2F
1-2: Ball
2-2: Ball
3-2: Strikes out swinging
Batting: LHB Rich Fletcher 0-0: Foul Ball, location: 5FF
0-1: Ball
1-1: Ball
2-1: Fly out, F9 (Line Drive, 9, EV 90.6 MPH)
Bottom of the 1st over - 0 runs, 0 hits, 0 errors, 1 left on base; Kentucky 0 - Glenavon 0
TOP OF THE 2ND
Kentucky Rockets batting - Pitching for Glenavon Pipers : RHP Carroll Ward
Batting: RHB Earl Frisella 0-0: Ball
1-0: Called Strike
1-1: Swinging Strike
1-2: Foul Ball, location: 2F
1-2: Ball
2-2: SINGLE (Flyball, 56D, EV 86.9 MPH)
Batting: LHB Mike Baker 0-0: Ball
1-0: Ball
2-0: 2-RUN HOME RUN (Flyball, 9D, EV 94.4 MPH), Distance : 359 ft
Batting: RHB Oscar Brown 0-0: Ball
1-0: SINGLE (Groundball, 4MD, EV 95.6 MPH)
Batting: SHB José García 0-0: Ball
1-0: Ball
2-0: Called Strike
2-1: DOUBLE (Line Drive, 8LXD, EV 99.4 MPH)
Oscar Brown to third
Batting: LHB Ed Crosby 0-0: Ball
1-0: Ball
2-0: Ball
3-0: Base on Balls
Batting: LHB John Lowenstein 0-0: Ball
1-0: Ground out 6-3 (Groundball, P, EV 86.9 MPH)
Oscar Brown scores
José García to third
Ed Crosby to second
Batting: SHB Jesús Ruíz 0-0: Foul Ball, location: 7LDF
0-1: Ground out 4-3 (Groundball, 4, EV 91.9 MPH)
José García scores
Ed Crosby to third
Batting: RHB Terry Martin 0-0: Ball
1-0: SINGLE (Line Drive, 89M, EV 95.6 MPH)
Ed Crosby scores
Batting: SHB Dusty Baker 0-0: Swinging Strike
0-1: Foul Ball, location: 3FF
0-2: Ball
1-2: SINGLE (Line Drive, 78S, EV 91.3 MPH)
Terry Martin to second
Batting: RHB Earl Frisella 0-0: Called Strike
0-1: Swinging Strike
0-2: Fly out, F8 (Flyball, 8RM, EV 98.1 MPH)
Top of the 2nd over - 5 runs, 6 hits, 0 errors, 2 left on base; Kentucky 5 - Glenavon 0
BOTTOM OF THE 2ND
Glenavon Pipers batting - Pitching for Kentucky Rockets : RHP Jack Clark
Batting: RHB Gerald Bernard 0-0: Ball
1-0: Called Strike
1-1: Foul Ball, location: 2F
1-2: Ball
2-2: Ball
3-2: Base on Balls
Batting: LHB Pat Garey 0-0: Swinging Strike
0-1: Swinging Strike
0-2: 2-RUN HOME RUN (Flyball, 9D, EV 96.9 MPH), Distance : 364 ft
Batting: RHB Ben Snyder 0-0: Fly out, F7 (Line Drive, 7D, EV 104.4 MPH)
Batting: RHB Bob Buckley 0-0: Called Strike
0-1: Fly out, F7 (Flyball, 78M, EV 81.3 MPH)
Batting: LHB Ivo Kratochvilov 0-0: Called Strike
0-1: Ball
1-1: Ball
2-1: SOLO HOME RUN (Flyball, 89XD, EV 96.9 MPH), Distance : 395 ft
Batting: LHB Ken Hill 0-0: Ball
1-0: Ground out 6-3 (Groundball, 6, EV 105.6 MPH)
Bottom of the 2nd over - 3 runs, 2 hits, 0 errors, 0 left on base; Kentucky 5 - Glenavon 3
TOP OF THE 3RD
Kentucky Rockets batting - Pitching for Glenavon Pipers : RHP Carroll Ward
Batting: LHB Mike Baker 0-0: Ball
1-0: Foul Ball, location: 7LSF
1-1: SINGLE (Flyball, 8RS, EV 96.9 MPH)
Batting: RHB Oscar Brown 0-0: Ground out 5-3 (Groundball, 56S, EV 70.0 MPH)
Mike Baker to second
Batting: SHB José García 0-0: Ball
1-0: SINGLE (Groundball, 4MD, EV 96.3 MPH)
Mike Baker to third
Runner from 3rd tries for Home, throw by CF and OUT! 8-2
Batting: LHB Ed Crosby 0-0: Foul Ball, location: 2F
0-1: Swinging Strike
0-2: Strikes out looking
Top of the 3rd over - 0 runs, 2 hits, 0 errors, 1 left on base; Kentucky 5 - Glenavon 3
BOTTOM OF THE 3RD
Glenavon Pipers batting - Pitching for Kentucky Rockets : RHP Jack Clark
Batting: RHB Barton Rogers 0-0: Foul Ball, location: 2RF
0-1: Swinging Strike
0-2: Foul Ball, location: 2F
0-2: Ball
1-2: Strikes out swinging
Batting: LHB Manny García 0-0: SOLO HOME RUN (Flyball, 8RXD, EV 110.0 MPH), Distance : 453 ft
Batting: LHB Rich Fletcher 0-0: SINGLE (Line Drive, 5D, EV 105.6 MPH)
Batting: RHB Gerald Bernard 0-0: Called Strike
0-1: Foul Ball, location: 9LMF
0-2: Strikes out swinging
Batting: LHB Pat Garey 0-0: Ball
1-0: Foul Ball, location: 7LDF
1-1: Swinging Strike
1-2: Ball
2-2: Foul Ball, location: 2F
2-2: Foul Ball, location: 2F
2-2: Ground out 4-3 (Groundball, 4S, EV 87.5 MPH)
Bottom of the 3rd over - 1 run, 2 hits, 0 errors, 1 left on base; Kentucky 5 - Glenavon 4
TOP OF THE 4TH
Kentucky Rockets batting - Pitching for Glenavon Pipers : RHP Carroll Ward
Batting: LHB John Lowenstein 0-0: Foul Ball, location: 5SF
0-1: Ball
1-1: Foul Ball, location: 25FF
1-2: Strikes out swinging
Batting: SHB Jesús Ruíz 0-0: Swinging Strike
0-1: Ball
1-1: Ground out 6-3 (Groundball, 56, EV 106.9 MPH)
Batting: RHB Terry Martin 0-0: Ball
1-0: Ball
2-0: Called Strike
2-1: Ball
3-1: Base on Balls
Batting: SHB Dusty Baker 0-0: Fly out, F7 (Flyball, 7S, EV 94.4 MPH)
Top of the 4th over - 0 runs, 0 hits, 0 errors, 1 left on base; Kentucky 5 - Glenavon 4
BOTTOM OF THE 4TH
Glenavon Pipers batting - Pitching for Kentucky Rockets : RHP Jack Clark
Batting: RHB Ben Snyder 0-0: Called Strike
0-1: Foul Ball, location: 9LDF
0-2: SINGLE (Flyball, 78S, EV 90.0 MPH)
Batting: RHB Bob Buckley 0-0: Ball
1-0: Ball
2-0: Foul Ball, location: 5F
2-1: Swinging Strike
2-2: Strikes out swinging
Batting: LHB Ivo Kratochvilov 0-0: Swinging Strike
0-1: Fly out, F7 (Flyball, 7LSF, EV 93.8 MPH)
Batting: LHB Ken Hill 0-0: Ball
1-0: SINGLE (Line Drive, 78M, EV 106.9 MPH)
Ben Snyder to second
Batting: RHB Barton Rogers 0-0: Ball
1-0: Ball
2-0: Foul Ball, location: 9LMF
2-1: Ball
3-1: Foul Ball, location: 23F
3-2: Strikes out swinging
Bottom of the 4th over - 0 runs, 2 hits, 0 errors, 2 left on base; Kentucky 5 - Glenavon 4
TOP OF THE 5TH
Kentucky Rockets batting - Pitching for Glenavon Pipers : RHP Carroll Ward
Batting: RHB Earl Frisella 0-0: Ball
1-0: Called Strike
1-1: Ball
2-1: Ball
3-1: Ground out 1-3 (Groundball, 13, EV 73.1 MPH)
Batting: LHB Mike Baker 0-0: Foul Ball, location: 23FF
0-1: Ball
1-1: Foul Ball, location: 7LSF
1-2: Fly out, F7 (Flyball, 7, EV 100.0 MPH)
Batting: RHB Oscar Brown 0-0: Ball
1-0: Foul Ball, location: 2F
1-1: Swinging Strike
1-2: Strikes out swinging
Top of the 5th over - 0 runs, 0 hits, 0 errors, 0 left on base; Kentucky 5 - Glenavon 4
BOTTOM OF THE 5TH
Glenavon Pipers batting - Pitching for Kentucky Rockets : RHP Jack Clark
Batting: LHB Manny García 0-0: SOLO HOME RUN (Flyball, 89XD, EV 109.4 MPH), Distance : 411 ft
Batting: LHB Rich Fletcher 0-0: Ball
1-0: Ball
2-0: Ball
3-0: Foul Ball, location: 2F
3-1: Base on Balls
Batting: RHB Gerald Bernard 0-0: Ball
1-0: Foul Ball, location: 2F
1-1: Ball
2-1: Fly out, F8 (Flyball, 8RD, EV 93.1 MPH)
Batting: LHB Pat Garey 0-0: Grounds into double play, 4-6-3 (Groundball, 4, EV 101.3 MPH)
Bottom of the 5th over - 1 run, 1 hit, 0 errors, 0 left on base; Kentucky 5 - Glenavon 5
TOP OF THE 6TH
Kentucky Rockets batting - Pitching for Glenavon Pipers : RHP Carroll Ward
Batting: SHB José García 0-0: Called Strike
0-1: Foul Ball, location: 2F
0-2: Ground out 4-3 (Groundball, 4M, EV 96.3 MPH)
Batting: LHB Ed Crosby 0-0: Ball
1-0: Ball
2-0: Ball
3-0: Called Strike
3-1: Foul Ball, location: 2F
3-2: Foul Ball, location: 2F
3-2: SINGLE (Groundball, 6MD, EV 107.5 MPH)
Batting: LHB John Lowenstein 0-0: Swinging Strike
0-1: Called Strike
0-2: Ball
1-2: Ball
2-2: Strikes out swinging
Batting: SHB Jesús Ruíz 0-0: Fly out, F7 (Line Drive, 78M, EV 89.4 MPH)
Top of the 6th over - 0 runs, 1 hit, 0 errors, 1 left on base; Kentucky 5 - Glenavon 5
BOTTOM OF THE 6TH
Glenavon Pipers batting - Pitching for Kentucky Rockets : RHP Jack Clark
Batting: RHB Ben Snyder 0-0: DOUBLE (Line Drive, 78D, EV 101.9 MPH)
Batting: RHB Bob Buckley 0-0: Ball
1-0: Ball
2-0: Ground out 5-3 (Groundball, 56S, EV 88.8 MPH)
Ben Snyder to third
Batting: LHB Ivo Kratochvilov 0-0: Called Strike
0-1: Ball
1-1: Foul Ball, location: 23F
1-2: Ball
2-2: Fly out, F8 (Flyball, 8LD, EV 103.8 MPH)
Runner from 3rd tags up, SCORES, throw by CF
Batting: LHB Ken Hill 0-0: Ball
1-0: Ball
2-0: Swinging Strike
2-1: SOLO HOME RUN (Flyball, 9D, EV 92.5 MPH), Distance : 360 ft
Pitching: RHP Cy Acosta
Batting: RHB Barton Rogers 0-0: Called Strike
0-1: Ball
1-1: Fly out, F9 (Line Drive, 9, EV 92.5 MPH)
Bottom of the 6th over - 2 runs, 2 hits, 0 errors, 0 left on base; Kentucky 5 - Glenavon 7
TOP OF THE 7TH
Kentucky Rockets batting - Pitching for Glenavon Pipers : RHP Carroll Ward
Batting: RHB Terry Martin 0-0: SOLO HOME RUN (Flyball, 7LD, EV 91.3 MPH), Distance : 329 ft
Pitching: RHP Randy Moffitt
Batting: SHB Dusty Baker 0-0: Called Strike
0-1: Ball
1-1: Swinging Strike
1-2: Fly out, F7 (Flyball, 7, EV 82.5 MPH)
Batting: RHB Earl Frisella 0-0: Ball
1-0: Foul Ball, location: 2F
1-1: Fly out, F9 (Flyball, 89D, EV 103.8 MPH)
Batting: LHB Mike Baker 0-0: SINGLE (Groundball, 34D, EV 95.6 MPH)
Batting: RHB Oscar Brown 0-0: Ball
1-0: Called Strike
1-1: Fly out, F4 (Popup, 3DF, EV 53.1 MPH)
Top of the 7th over - 1 run, 2 hits, 0 errors, 1 left on base; Kentucky 6 - Glenavon 7
BOTTOM OF THE 7TH
Glenavon Pipers batting - Pitching for Kentucky Rockets : RHP Cy Acosta
Batting: LHB Manny García 0-0: Called Strike
0-1: Ball
1-1: Ball
2-1: Foul Ball, location: 2F
2-2: Ball
3-2: Foul Ball, location: 9LMF
3-2: Base on Balls
Batting: LHB Rich Fletcher 0-0: Called Strike
0-1: Fly out, F8 (Flyball, 8LD, EV 80.0 MPH)
Batting: RHB Gerald Bernard 0-0: Ball
1-0: Ball
2-0: Ball
3-0: Called Strike
3-1: Foul Ball, location: 9LMF
3-2: DOUBLE (Line Drive, 8LXD, EV 98.8 MPH)
Manny García to third
Runner from 3rd tries for Home, SAFE, throw by CF to home
Batting: LHB Pat Garey 0-0: Intentional Walk
Batting: RHB Ben Snyder 0-0: Called Strike
0-1: Fly out, F9 (Flyball, 89S, EV 80.0 MPH)
Batting: RHB Bob Buckley 0-0: Foul Ball, location: 2F
0-1: Swinging Strike
0-2: Fly out, F8 (Flyball, 8LM, EV 96.9 MPH)
Bottom of the 7th over - 1 run, 1 hit, 0 errors, 2 left on base; Kentucky 6 - Glenavon 8
TOP OF THE 8TH
Kentucky Rockets batting - Pitching for Glenavon Pipers : RHP Randy Moffitt
Pitching: RHP Michael Johnson
Batting: SHB José García 0-0: Foul Ball, location: 5DF
0-1: Ball
1-1: Ball
2-1: Ball
3-1: Foul Ball, location: 5SF
3-2: Foul Ball, location: 2F
3-2: Strikes out swinging
Batting: LHB Ed Crosby 0-0: Ball
1-0: Ball
2-0: Foul Ball, location: 9LSF
2-1: Foul Ball, location: 7LDF
2-2: Ground out 4-3 (Groundball, 4, EV 103.8 MPH)
Batting: LHB John Lowenstein 0-0: Called Strike
0-1: Foul Ball, location: 25F
0-2: Foul Ball, location: 3SF
0-2: Foul Ball, location: 9LMF
0-2: Ground out 4-3 (Groundball, 4, EV 84.4 MPH)
Top of the 8th over - 0 runs, 0 hits, 0 errors, 0 left on base; Kentucky 6 - Glenavon 8
BOTTOM OF THE 8TH
Glenavon Pipers batting - Pitching for Kentucky Rockets : RHP Cy Acosta
Batting: LHB Ivo Kratochvilov 0-0: DOUBLE (Line Drive, 89D, EV 110.0 MPH)
Batting: LHB Ken Hill 0-0: Intentional Walk
Batting: RHB Barton Rogers 0-0: Called Strike
0-1: Swinging Strike
0-2: Fly out, F4 (Popup, 4, EV 75.0 MPH)
Batting: LHB Manny García 0-0: Foul Ball, location: 23F
0-1: Foul Ball, location: 3FF
0-2: Foul Ball, location: 2F
0-2: Ball
1-2: Fly out, F7 (Line Drive, 78M, EV 87.5 MPH)
Pitching: RHP Charlie Hough
Batting: LHB Rich Fletcher 0-0: Ball
1-0: SINGLE (Line Drive, 9S, EV 96.9 MPH)
Ivo Kratochvilov to third
Ken Hill to second
Runner from 3rd tries for Home, SAFE, throw by RF to home
Batting: RHB Gerald Bernard 0-0: Called Strike
0-1: Ball
1-1: Swinging Strike
1-2: Ball
2-2: Strikes out swinging
Bottom of the 8th over - 1 run, 2 hits, 0 errors, 2 left on base; Kentucky 6 - Glenavon 9
TOP OF THE 9TH
Kentucky Rockets batting - Pitching for Glenavon Pipers : RHP Michael Johnson
Batting: SHB Jesús Ruíz 0-0: Ball
1-0: Ground out 6-3 (Groundball, 6, EV 81.3 MPH)
Batting: RHB Terry Martin 0-0: Ball
1-0: Fly out, F5 (Line Drive, 5, EV 71.3 MPH)
Batting: SHB Dusty Baker 0-0: Called Strike
0-1: Swinging Strike
0-2: Ball
1-2: Foul Ball, location: 3F
1-2: Foul Ball, location: 9LMF
1-2: Foul Ball, location: 5FF
1-2: Foul Ball, location: 2F
1-2: Foul Ball, location: 7LSF
1-2: Ball
2-2: Ball
3-2: Strikes out swinging
Top of the 9th over - 0 runs, 0 hits, 0 errors, 0 left on base; Kentucky 6 - Glenavon 9
Monday, March 18th , 2024 - OOTP Baseball 24.8 Build 75